 Dungeon Crawl Stone Soup version 0.28.0 (webtiles) character file.

Game seed: 3015998650139111953

84 BALLS the Slasher (level 4, -6/23 HPs)
             Began as a Vine Stalker Fighter on Feb 28, 2022.
             Killed by divine providence
             ... invoked by an orc priest
              (14 damage)
             ... on level 2 of the Dungeon.
             The game lasted 00:02:39 (2488 turns).

BALLS the Slasher (Vine Stalker Fighter)            Turns: 2488, Time: 00:02:40

Health: -6/23      AC:  6    Str: 21    XL:     4   Next: 45%
Magic:  0/5        EV:  9    Int:  8    God:
Gold:   61         SH:  4    Dex: 13    Spells: 3/3 levels left

rFire   . . .      SeeInvis .   a - +0 long sword
rCold   . . .      Faith    .   c - +0 buckler
rNeg    . . .      Spirit   +   b - +0 scale mail
rPois   .          Reflect  .   (no helmet)
rElec   .          Harm     .   i - scarf {repulsion}
rCorr   .          Rampage  .   (no gloves)
Will    .....                   (no boots)
Stlth   ..........              l - amulet of the acrobat
HPRegen 0.87/turn               (no ring)
MPRegen 0.09/turn               (no ring)

@: mighty, repel missiles
A: fangs 2, regeneration 1, magic shield, antimagic bite, no potion heal 2
a: no special abilities


You were on level 2 of the Dungeon.
You visited 1 branch of the dungeon, and saw 2 of its levels.

You collected 61 gold pieces.

Inventory:

Hand Weapons
 a - a +0 long sword (weapon)
Armour
 b - a +0 scale mail (worn)
 c - a +0 buckler (worn)
 i - a scarf of repulsion (worn)
Jewellery
 l - an amulet of the acrobat (around neck)
Scrolls
 f - a scroll of summoning {unknown}
 h - 2 scrolls of identify {unknown}
 j - a scroll of holy word {unknown}
 k - a scroll of magic mapping {unknown}
 m - 2 scrolls of teleportation {unknown}
Potions
 d - a potion of might
 e - a potion of degeneration {unknown}
 g - a potion of haste {unknown}
 n - a potion of curing {unknown}


   Skills:
 - Level 2.6 Fighting
 + Level 4.1 Long Blades
 - Level 2.4 Armour
 - Level 2.6 Shields


You had 3 spell levels left.
You didn't know any spells.
Your spell library was empty.

Dungeon Overview and Level Annotations

Branches:
Dungeon (2/15)

Altars:


Innate Abilities, Weirdness & Mutations

You have extremely sharp teeth.
Your natural rate of healing is unusually fast.
When hurt, damage is shared between your health and your magic reserves.
Your bite disrupts and absorbs the magic of your enemies.
Potions cannot restore your health.


Message History

Reactivating autopickup.
You feel a bit more experienced.
Your Long Blades skill increases to level 4!
You have reached level 4!
You feel stronger.
You begin to heal more quickly.
You slash the orc!
The orc is almost dead.
You block the orc's attack. x2
You barely miss the orc. You bite the orc.
You kill the orc!
You barely miss the endoplasm. You bite the endoplasm.
You kill the endoplasm!
Items here: )) [[ †.
Found a dagger.
The orc priest completely misses you.
You barely miss the orc priest.
You bite the orc priest, but do no damage.
You slash the orc priest!
The orc priest is heavily wounded.
The orc priest hits you with a +0 flail.
The orc priest calls down the wrath of Beogh upon you.
Pain shoots through your body!
You barely miss the orc priest.
The orc priest is heavily wounded.
The orc priest calls upon Beogh to heal the orc priest.
The orc priest is healed somewhat.
The orc priest hits you but does no damage.
The orc priest mumbles some strange prayers to Beogh against you.
Beogh smites you!
You hit the orc priest. You bite the orc priest. You drain its power.
You feel invigorated.
The orc priest is heavily wounded.
The orc priest misses you.
The orc priest hits you with a +0 flail.
You feel very mighty all of a sudden.
The orc priest calls down the wrath of Beogh upon you.
Beogh smites you!
Ouch! That really hurt!
You die...

######### #.. ##.......#
#.# .#.#####.## #.#
.#.####...# #.#
........#.#####.#####...
.#.####......)..........
.#.......#######.#####..
########## #.# # #@# #
#..oo...# # #.##.##.# #
.. ... # # ).. #.. # ..
#..# # . .... # #... #


You could see 2 orc priests.

Vanquished Creatures
  An orc wizard (D:2)
  An adder (D:2)
  2 worms (D:2)
  2 orcs (D:2)
  A bat (D:1)
  6 endoplasms
  A giant cockroach (D:2)
  8 goblins
  2 hobgoblins (D:2)
  4 jackals (D:1)
  A quokka (D:1)
  2 ball pythons
  2 frilled lizards
  4 kobolds (D:1)
37 creatures vanquished.

Notes
Turn   | Place    | Note
-------+----------+-------------------------------------------
     0 | D:1      | BALLS the Vine Stalker Fighter began the quest for the Orb.
     0 | D:1      | Reached XP level 1. HP: 11/11 MP: 2/2
    34 | D:1      | Reached skill level 2 in Long Blades
    47 | D:1      | Reached XP level 2. HP: 6/16 MP: 1/3
  1468 | D:1      | Reached skill level 3 in Long Blades
  1644 | D:2      | Reached XP level 3. HP: 13/19 MP: 2/4
  2463 | D:2      | Reached skill level 4 in Long Blades
  2463 | D:2      | Gained mutation: Your natural rate of healing is unusually
                  | fast. [Vine Stalker growth]
  2463 | D:2      | Reached XP level 4. HP: 15/23 MP: 5/5
  2488 | D:2      | Killed from afar by an orc priest

Illustrated notes

Levels and vault maps discovered:
D:1:      minmay_arrival_radiant_lines, layout_basic
D:2:      cheibrodos_pilgrimage, layout_loops_cross,
          ebering_ecumenical_altar_ruins

Skill      XL: |  1  2  3 |
---------------+----------+-----
Long Blades    | 2 3 4 |  4.1
Fighting       | |  2.6
Armour         | |  2.4
Shields        | |  2.6

Action                   |  1- 3 |  4- 6 || total
-------------------------+-------+-------++-------
Melee: Long sword        |   107 |     7 ||   114
       Bite              |    29 |     4 ||    33
  Use: Potion            |       |     1 ||     1
Armor: Scale mail        |    42 |     1 ||    43
Dodge: Dodged            |    49 |     2 ||    51
Block: Buckler           |    27 |     2 ||    29
